 Dungeon Crawl Stone Soup version 0.29.1-15-g9cfb28693d (webtiles) character file.

Game seed: 9870731304586251842

5047 H0rd4k the Ducker (level 10, 0/77 HPs)
             Began as a Human Artificer on May 2, 2023.
             Was an Initiate of Gozag.
             Slain by an orc
             ... wielding a +0 halberd
              (10 damage)
             ... in a bailey.
             The game lasted 00:18:58 (13074 turns).

H0rd4k the Ducker (Human Artificer)                Turns: 13074, Time: 00:18:59

Health: 0/77       AC: 14    Str: 13    XL:     10   Next: 85%
Magic:  19/19      EV: 13    Int: 28    God:    Gozag
Gold:   923        SH:  0    Dex: 10    Spells: 19/21 levels left

rFire   . . .      SeeInvis +   T - +3 dagger (venom)
rCold   . . .      Faith    .   (no shield)
rNeg    + + +      Spirit   .   b - +0 leather armour
rPois   .          Reflect  .   (no helmet)
rElec   +          Harm     .   f - +3 cloak of Midnight {rElec Will+ Dex-3}
rCorr   .          Rampage  .   (no gloves)
Will    +....                   R - +2 pair of boots of Tortured Contentment {rN+++ Int+6 Slay-3 SInv}
Stlth   ++........              F - amulet of magic regeneration
HPRegen 0.22/turn               s - +6 ring of intelligence
MPRegen 0.56/turn               n - +4 ring of protection

@: very slow
A: no striking features
a: Renounce Religion, Potion Petition, Call Merchant, Bribe Branch


You were in a bailey.
You worshipped Gozag.
Gozag was pleased with you.
You visited 2 branches of the dungeon, and saw 11 of its levels.
You also visited: Bailey.

You collected 1018 gold pieces.
You paid 95 gold pieces to Gozag.

Inventory:

Hand Weapons
 e - a +1 shortbow of flaming
 u - a +0 mace
 G - a +0 whip of distortion
 P - a +0 shortbow of freezing
 Q - a +1 vorpal falchion
 T - a +3 dagger of venom (weapon)
Missiles
 i - a throwing net
 r - 21 poisoned darts
 N - 4 curare-tipped darts (quivered)
Armour
 b - a +0 leather armour (worn)
 f - the +3 cloak of Midnight (worn) {rElec Will+ Dex-3}
   (You acquired it on level 8 of the Dungeon)

   Dex:       It affects your dexterity (-3).
   rElec:     It insulates you from electricity.
   Will:      It increases your willpower.
 R - the +2 pair of boots of Tortured Contentment (worn) {rN+++ Int+6 Slay-3 SInv}
   (You found it on level 7 of the Dungeon)

   Int:       It affects your intelligence (+6).
   Slay:      It affects your accuracy & damage with ranged weapons and melee
   (-3).
   rN:        It renders you almost immune to negative energy.
   SInv:      It lets you see invisible.
Magical Staves
 B - a staff of death
 E - a staff of air
 O - a staff of cold
Jewellery
 n - a +4 ring of protection (right hand)
 o - a +6 ring of dexterity
 s - a +6 ring of intelligence (left hand)
 F - an amulet of magic regeneration (around neck)
 J - a ring of protection from fire
 L - a ring of protection from fire
Wands
 d - a wand of charming (5)
 S - a wand of paralysis (3)
Scrolls
 a - 3 scrolls of immolation
 g - 2 scrolls of vulnerability
 h - 2 scrolls of noise
 j - 5 scrolls of teleportation
 m - a scroll of amnesia
 p - 3 scrolls of brand weapon
 y - 4 scrolls of identify
 A - 3 scrolls of blinking
 M - 3 scrolls of poison
Potions
 c - 2 potions of ambrosia {unknown}
 k - 4 potions of lignification
 l - a potion of cancellation {unknown}
 q - 4 potions of heal wounds
 t - a potion of brilliance {unknown}
 v - 5 potions of might
 w - 2 potions of invisibility
 x - 3 potions of mutation
 C - 3 potions of degeneration
 D - a potion of berserk rage {unknown}
 H - a potion of magic {unknown}
 I - a potion of flight {unknown}
 K - 3 potions of curing


   Skills:
 + Level 6.6 Fighting
 + Level 3.8 Short Blades
 - Level 3.5 Maces & Flails
 + Level 3.8 Throwing
 - Level 2.0 Armour
 + Level 6.9 Dodging
 + Level 5.7 Stealth
 * Level 6.0 Spellcasting
 * Level 1.4 Translocations
 + Level 5.2 Evocations


You had 19 spell levels left.
You knew the following spells:

 Your Spells              Type           Power      Damage    Failure   Level
a - Blink                 Tloc           32%        N/A       7%          2

Your spell library contained the following spells:

 Spells                   Type           Power      Damage    Failure   Level
 Sandblast                Erth           16%        2d6       8%          1
 Ensorcelled Hibernation  Hex/Ice        16%        N/A       12%         2
 Passwall                 Tmut/Erth      6%         N/A       12%         2
 Lesser Beckoning         Tloc           16%        N/A       13%         3
 Stone Arrow              Conj/Erth      16%        3d8       22%         3
 Swiftness                Air            8%         N/A       22%         3
 Manifold Assault         Tloc           16%        N/A       77%         5
 Borgnjor's Vile Clutch   Necr/Erth      4%         N/A       91%         5
 Death Channel            Necr           4%         N/A       100%        6
 Animate Dead             Necr           Unusable   N/A       N/A         4

Dungeon Overview and Level Annotations

Branches:
Dungeon (10/15)            Temple (1/1) D:7          Bailey (1/1)
   Lair: D:8-11         Orc: D:9-12

Altars:
Ashenzari
Dithmenos
Elyvilon
Fedhas
Gozag
Hepliaklqana
Kikubaaqudgha
Makhleb
Nemelex Xobeh
Okawaru
Qazlal
Ru
Sif Muna
Uskayaw
Vehumet
Wu Jian
Xom
Zin
The Shining One

Shops:
D:2 [   D:8 (

Annotations:
D:3 exclusion: oklob plant
D:5 exclusion: downstairs
D:6 exclusion: phantom
D:7 exclusions: downstairs and lemure, Dowan
D:8 exclusion: upstairs, Maggie, Prince Ribbit
D:10 1 runed translucent door, exclusion: door
Temple 2 transporters


Message History

The orc misses you. The orc closely misses you.
You hit the orc but do no damage.
The orc looks even sicker.
The orc is lightly wounded.
The orc closely misses you. The orc barely misses you.
You hit the orc but do no damage.
The orc looks as sick as possible!
The orc is lightly wounded.
The orc is distracted by your dazzling golden aura.
You enter the shallow water.
Moving in this stuff is going to be slow.
You kill the orc!
The orc barely misses you.
Things that are here:
9 gold pieces; a +0 trident; a +0 scale mail An orc comes into view.
It is wielding a +0 spear.
The orc shouts!
The orc is no longer distracted by gold.
The orc hits you but does no damage.
An orc comes into view. It is wielding a +0 halberd.
The orc barely misses you. The orc barely misses you.
An orc comes into view. It is wielding a +3 spear.
The orc closely misses you. The orc attacks as you move away!
The orc barely misses you.
The orc hits you from afar with a +0 halberd!
The orc hits you with a +0 halberd.
* * * LOW HITPOINT WARNING * * *
The orc completely misses you. The orc hits you with a +0 halberd!
* * * LOW HITPOINT WARNING * * *
The orc barely misses you. The orc misses you.
The orc shouts!
You hit the orc but do no damage. The orc hits you but does no damage.
The orc hits you with a +0 halberd.
* * * LOW HITPOINT WARNING * * *
The orc barely misses you.
Your unstable footing causes you to fumble your attack.
The orc closely misses you.
Your unstable footing causes you to fumble your attack.
The orc hits you but does no damage. The orc hits you with a +0 halberd!
You die...
Your body crumbles into a pile of gold.

.~.## .~..##
.~o..##
##o~~..#
#∩.~~..#+#
#.~~..##.##
#.o..##.$.#
#.~.# .$$$
#o@.########
#.~o........
#.~$~~~~~~~~
#...$$.....~
##..######..
#..## ##..#
#∩∩## ####


You could see 5 orcs.

Vanquished Creatures
  A two-headed ogre (D:8)
  Pikel (D:7)
  A troll (D:9)
  A wyvern (D:8)
  4 yaks (D:9)
  Grum (D:8)
  A steam dragon (D:7)
  An acid dragon (D:9)
  Duvessa (D:7)
  3 orc warriors
  2 black bears
  4 ogres
  2 wolves (D:8)
  2 centaurs
  3 kobold brigands
  A bullfrog (D:9)
  A gnoll sergeant (D:7)
  A scorpion (D:4)
  4 killer bees (D:8)
  3 howler monkeys
  3 hounds (D:4)
  A gnoll bouda (D:5)
  4 orc priests
  2 iguanas (D:6)
  An orc wizard (D:6)
  6 gnolls
  10 adders
  3 worms (D:3)
  4 dart slugs
  32 orcs
  5 endoplasms
  5 giant cockroaches
  9 goblins
  7 hobgoblins
  5 jackals (D:3)
  6 quokkas
  6 ball pythons
  5 bats
  4 frilled lizards
  23 kobolds
  9 rats
188 creatures vanquished.

Vanquished Creatures (collateral kills)
  2 centaurs
  A shadow imp (D:7)
3 creatures vanquished.

Vanquished Creatures (others)
  A wight (D:6)
  An orc wizard (D:8)
  15 fungi (D:3)
  33 plants (D:3)
50 creatures vanquished.

Grand Total: 241 creatures vanquished

Notes
Turn   | Place    | Note
-------+----------+-------------------------------------------
     0 | D:1      | H0rd4k the Human Artificer began the quest for the Orb.
     0 | D:1      | Reached XP level 1. HP: 15/15 MP: 1/1
   240 | D:1      | Reached XP level 2. HP: 5/21 MP: 2/2
   915 | D:1      | Found a faded altar of an unknown god.
   927 | D:1      | Reached XP level 3. HP: 26/26 MP: 3/3
  1482 | D:2      | Found Hoar's Armour Shop.
  1872 | D:2      | Reached skill level 1 in Maces & Flails
  1872 | D:2      | Reached XP level 4. HP: 32/32 MP: 4/4
  2690 | D:3      | Reached XP level 5. HP: 16/37 MP: 5/5
  3782 | D:3      | Found a blossoming altar of Fedhas.
  3816 | D:3      | Noticed an oklob plant
  4215 | D:4      | Reached XP level 6. HP: 35/44 MP: 6/6
  4599 | D:4      | Reached skill level 1 in Spellcasting
  4735 | D:4      | Identified the +1 leather armour of the Past {rC+}
  5060 | D:5      | Entered Level 5 of the Dungeon
  5178 | D:5      | HP: 2/46 [orc priest/divine providence (16)]
  5182 | D:5      | Reached XP level 7. HP: 3/51 MP: 9/9
  5904 | D:5      | Reached XP level 8. HP: 42/58 MP: 10/12
  6116 | D:5      | Found a sacrificial altar of Ru.
  6116 | D:5      | Found an iron altar of Okawaru.
  6715 | D:6      | Found a shadowy altar of Dithmenos.
  7003 | D:6      | Found a glowing silver altar of Zin.
  7368 | D:6      | Reached skill level 1 in Throwing
  7504 | D:6      | Found a sparkling altar of Nemelex Xobeh.
  7724 | D:7      | Found a white marble altar of Elyvilon.
  7759 | D:7      | Reached XP level 9. HP: 28/66 MP: 14/14
  8071 | D:7      | Noticed Pikel
  8243 | D:7      | Found a staircase to the Ecumenical Temple.
  8253 | D:7      | Identified the +2 pair of boots of Tortured Contentment
                  | {rN+++ Int+6 Slay-3 SInv}
  8258 | Temple   | Entered the Ecumenical Temple
  8258 | Temple   | Found a transporter.
  8258 | Temple   | Found a transporter.
  8260 | Temple   | Found a transporter.
  8260 | Temple   | Found a transporter.
  8270 | Temple   | Became a worshipper of Gozag Ym Sagoz the Greedy
  8380 | D:8      | Reached skill level 5 in Dodging
  8427 | D:8      | Noticed a two-headed ogre
  8631 | D:7      | Killed Pikel
  8632 | D:7      | Reached skill level 5 in Fighting
  8916 | D:7      | Noticed Duvessa
  8916 | D:7      | Noticed Dowan
  8932 | D:7      | Killed Duvessa
  9547 | D:8      | Killed a two-headed ogre
  9548 | D:8      | Reached skill level 1 in Short Blades
  9548 | D:8      | Reached skill level 5 in Stealth
  9548 | D:8      | Reached skill level 5 in Spellcasting
  9548 | D:8      | Reached skill level 5 in Evocations
  9548 | D:8      | Reached XP level 10. HP: 76/76 MP: 17/17
  9722 | D:8      | Identified a scroll of acquirement
  9722 | D:8      | Acquired the +3 cloak of Midnight {rElec Will+ Dex-3}
  9931 | D:8      | Found Diashuv's Antique Weapon Shoppe.
 10189 | D:8      | Found a broken altar of Ashenzari.
 10209 | D:8      | Noticed Grum
 10257 | D:8      | Killed Grum
 10313 | D:8      | Noticed Prince Ribbit
 10530 | D:8      | Noticed Maggie
 11008 | D:9      | Learned a level 2 spell: Blink
 11033 | D:9      | Found an ancient bone altar of Kikubaaqudgha.
 12252 | D:9      | Reached skill level 1 in Translocations
 12738 | D:10     | Entered Level 10 of the Dungeon
 12746 | D:10     | Found a runed translucent door.
 12746 | D:10     | Noticed a red very ugly thing
 12746 | D:10     | Noticed an orc knight
 12748 | D:10     | Noticed a fire giant
 12748 | D:10     | Noticed a harpy
 12748 | D:10     | Noticed a fire dragon
 12748 | D:10     | Noticed a boulder beetle
 12748 | D:10     | Noticed a salamander
 12937 | D:10     | Found an ornate altar of the Wu Jian Council.
 12942 | D:10     | Found a flagged portal.
 13049 | Bailey   | Entered a bailey
 13074 | Bailey   | Slain by an orc

Illustrated notes

Levels and vault maps discovered:
D:1:      saegor_arrival_simple_e, layout_rooms,
          dreamdust_ecumenical_altar_statues, minmay_pentomino_v4
D:2:      layout_loops_corners, serial_aquarium, aquarium_bridge_square
          [aquarium_subvault_bridge, aquarium_subvault_window,
          aquarium_subvault_bridge, aquarium_subvault_bridge],
          aquarium_window_2, aquarium_window_2, aquarium_window_1,
          aquarium_window_1, aquarium_view_2d, serial_shops,
          nicolae_shop_hallway_plus, hex_large
D:3:      layout_basic, tgw_fedhas, minmay_joined_circles
D:4:      layout_loops_corners
D:5:      layout_basic, gammafunk_temple_overflow_wave,
          hangedman_decor_clover_reticule
D:6:      layout_basic, old_standard_altar, mainiacjoe_overflow_surrounded_room,
          lemuel_crystal_altar
D:7:      layout_loops_cross, elyvilon_altar_3,
          minmay_temple_entry_statues_pillars, uniq_pikel, uniq_duvessa
D:8:      layout_basic, mainiacjoe_overflow_brackets, serial_shops, shop_coins,
          uniq_prince_ribbit1, uniq_maggie, uniq_grum
D:9:      layout_stronghold, mainiacjoe_overflow_catwalk,
          chequers_decorated_corner
D:10:     minmay_gate_of_8, layout_stronghold, mainiacjoe_overflow_alcove_4,
          mainiacjoe_overflow_six_doors_small, grunt_lair_entry_orc_guard_hut,
          enter_bailey_2, grunt_livestock
Temple:   hellmonk_temple_divided_pantheon
Bailey:   bailey_polearm_1, bailey

Skill      XL: |  1  2  3  4  5  6  7  8  9 10 |
---------------+-------------------------------+-----
Maces & Flails | 1 2 3 |  3.5
Stealth        | 2 3 5 |  5.7
Dodging        | 2 3 4 6 |  6.9
Fighting       | 2 3 4 5 6 |  6.6
Spellcasting   | 1 2 3 5 6 |  6.0
Evocations     | 4 5 |  5.2
Throwing       | 1 3 |  3.8
Short Blades   | 1 3 |  3.8
Translocations | 1 |  1.4
Armour         | |  2.0

Action                   |  1- 3 |  4- 6 |  7- 9 | 10-12 || total
-------------------------+-------+-------+-------+-------++-------
Melee: Club              |    76 |       |       |       ||    76
       Punch             |     1 |     4 |     3 |     2 ||    10
       Mace              |    43 |   322 |   177 |       ||   542
       Dagger            |       |       |    59 |   273 ||   332
Throw: Dart              |       |       |    23 |    15 ||    38
       Throwing net      |       |       |       |     1 ||     1
Evoke: Wand              |     2 |     6 |    23 |     2 ||    33
  Use: Scroll            |       |       |       |    19 ||    19
 Stab: Sleeping          |     5 |     8 |     4 |     4 ||    21
       Paralysed         |       |       |     3 |     1 ||     4
       Held in net/web   |       |       |       |     1 ||     1
Armor: Leather armour    |    56 |   152 |    84 |    91 ||   383
Dodge: Dodged            |    99 |   208 |   189 |   200 ||   696
